 Dungeon Crawl Stone Soup version 0.29.1-15-g9cfb28693d (webtiles) character file.

Game seed: 6695247126302363070

16 bennofresh the Trooper (level 2, -1/25 HPs)
             Began as a Palentonga Fighter on Dec 30, 2023.
             Slain by a goblin
             ... wielding a +0 club
             ... led by Robin
              (6 damage)
             ... on level 2 of the Dungeon.
             The game lasted 00:05:46 (721 turns).

bennofresh the Trooper (Palentonga Fighter)          Turns: 721, Time: 00:05:47

Health: -1/25      AC:  6    Str: 21    XL:     2   Next: 37%
Magic:  2/2        EV:  7    Int:  8    God:
Gold:   20         SH:  4    Dex:  9    Spells: 1/1 levels left

rFire   . . .      SeeInvis +   m - +1 short sword (venom)
rCold   . . .      Faith    .   c - +0 buckler
rNeg    . . .      Spirit   .   b - +0 scale mail
rPois   .          Reflect  .   (no helmet)
rElec   .          Harm     .   (no cloak)
rCorr   .          Rampage  .   (no gloves)
Will    .....                   (no barding)
Stlth   ..........              (no amulet)
HPRegen 0.08/turn               (no ring)
MPRegen 0.08/turn               (no ring)

@: no status effects
A: large, rugged brown scales 3, see invisible, deformed body, roll 1, armoured
tail
a: Rolling Charge


You were on level 2 of the Dungeon.
You visited 1 branch of the dungeon, and saw 2 of its levels.

You collected 20 gold pieces.

Inventory:

Hand Weapons
 a - a +0 war axe
 h - a +0 spear
 m - a +1 short sword of venom (weapon)
Missiles
 l - 3 poisoned darts
Armour
 b - a +0 scale mail (worn)
 c - a +0 buckler (worn)
 f - a +0 leather armour
Scrolls
 e - a scroll of poison {unknown}
 g - a scroll of amnesia {unknown}
 i - a scroll of fear {unknown}
 j - a scroll of enchant armour {unknown}
Potions
 d - a potion of might
 k - a potion of curing {unknown}


   Skills:
 + Level 3.1 Fighting
 + Level 2.0 Axes
 + Level 2.8 Armour
 + Level 0.2 Dodging
 + Level 2.7 Shields


You had one spell level left.
You didn't know any spells.
Your spell library was empty.

Dungeon Overview and Level Annotations

Branches:
Dungeon (2/15)

Altars:

Annotations:
D:2 Robin


Innate Abilities, Weirdness & Mutations

You are completely covered in rugged brown scales. (AC +3, +7% HP)
You have supernaturally acute eyesight. (SInv)
Armour fits poorly on your strangely shaped body.
You can roll at nearby foes to attack.
You have a long armoured tail.


Message History

There is a stone staircase leading up here.
As you open the large door, it creaks loudly!
A kobold, Robin, 2 hobgoblins and 3 goblins come into view.
The kobold shouts!
Robin shouts!
The hobgoblin shouts!
The goblin shouts!
The hobgoblin shouts!
The goblin shouts! x2
The goblin unwields a +0 club.
The goblin wields a +0 sling.
The goblin shoots a sling bullet.
The sling bullet barely misses you.
Robin roars a battlecry!
The goblins go into a battle-frenzy!
You hear a shout!
You hear an angry hiss.
A hobgoblin comes into view.
The hobgoblin shouts!
There is a large open door here.
You hit the goblin.
You kill the goblin!
The kobold barely misses you.
You barely miss the goblin. The goblin completely misses you.
The kobold hits you but does no damage.
You barely miss the goblin. The goblin hits you with a +0 dagger.
The kobold hits you but does no damage.
You barely miss the goblin. The goblin hits you but does no damage.
The kobold closely misses you.
You closely miss the goblin. The goblin barely misses you.
The kobold hits you with a +0 short sword.
Robin throws the goblin at you!
You closely miss the goblin. The goblin hits you with a +0 dagger.
The kobold barely misses you. The goblin hits you but does no damage.
You hit the goblin.
You kill the goblin!
The kobold hits you with a +0 short sword.
The goblin hits you with a +0 club. Robin hits you with a +0 mace.
* * * LOW HITPOINT WARNING * * *
The goblin barely misses you. The kobold hits you but does no damage.
You hit Robin but do no damage.
Robin is poisoned.
The goblin hits you but does no damage. The kobold completely misses you.
Robin barely misses you.
You hit the kobold.
The kobold is poisoned.
The kobold is moderately wounded.
The kobold hits you but does no damage. The goblin hits you with a +0 club.
You die...

###+## ..#
#≈≈.≈##..#
+.8.≈##..#
#≈.8.+...# #≈.≈
#...# #
#######K###..##.#
..g.ggg@g.......#
########.....####
#........#
#####..#.# #..#.#
#..#<# #..###
.... ##..#.


You could see Robin (very poisoned), 3 hobgoblins, a goblin (strong) and a
kobold (very poisoned).

Vanquished Creatures
  A ball python (D:1)
  2 endoplasms (D:1)
  2 goblins (D:2)
  3 hobgoblins (D:1)
  A quokka (D:1)
  2 bats (D:1)
  A frilled lizard (D:1)
  2 kobolds (D:1)
14 creatures vanquished.

Vanquished Creatures (others)
  19 plants (D:1)
19 creatures vanquished.

Grand Total: 33 creatures vanquished

Notes
Turn   | Place    | Note
-------+----------+-------------------------------------------
     0 | D:1      | bennofresh the Palentonga Fighter began the quest for the
                  | Orb.
     0 | D:1      | Reached XP level 1. HP: 19/19 MP: 1/1
   399 | D:1      | Reached XP level 2. HP: 25/25 MP: 2/2
   711 | D:2      | Noticed Robin
   721 | D:2      | Slain by a goblin

Illustrated notes

Levels and vault maps discovered:
D:1:      onia_arrival_pentagram, layout_loops_ring, serial_bayou_lagoon_a,
          amcnicky_mini_corridor_feature, reono_crystal_passage
D:2:      layout_basic, chequers_ecumenical_altar_island,
          kennysheep_generic_room_14, uniq_robin, uniq_natasha

Action                   || total
-------------------------++-------
Melee: War axe           ||    59
       Tailslap          ||    11
       Short sword       ||     9
Armor: Scale mail        ||    31
Dodge: Dodged            ||    27
Block: Buckler           ||     6
